[Event "FIDE Grand Swiss 2023"]
[Site "Villa Marina, Douglas, Isle of Man, Isle Of Man"]
[Date "2023.10.27"]
[Round "3.27"]
[White "Svane, Frederik"]
[Black "Artemiev, Vladislav"]
[Result "0-1"]
[TimeControl "40/90 + 30 + 30s/move"]
[WhiteFideId "12923044"]
[BlackFideId "24101605"]
[WhiteElo "2626"]
[BlackElo "2697"]

1. e4 c5 2. Nf3 d6 3. d4 cxd4 4. Nxd4 Nf6 5. Nc3 a6 6. Bd3 Bd7 7. f4 Nc6 8. Nxc6 Bxc6 9. e5 Nd5 10.
e6 fxe6 11. Nxd5 Bxd5 12. Qe2 g6 13. c4 Bc6 14. Qxe6 Qb6 15. Be4 Bg7 16. Rb1 Bxe4 17. Qxe4 Rc8 18. Bd2 O-O 19. b3 e5 20.
Be3 Qa5+ 21. Bd2 Qxa2 22. Qd5+ Kh8 23. O-O exf4 24. Qd3 Be5 25. Rf2 Qa3 26. Rbf1 Qc5 27. Kh1 Qd4 28. Qxd4 Bxd4 29.
Rxf4 Rxf4 30. Rxf4 Bg7 31. Re4 Be5 32. g4 Kg7 33. Kg2 Kf6 34. g5+ Ke6 35. Rh4 d5 36. cxd5+ Kxd5 37. Kf3 Rc7 38.
Ke2 Ke6 39. Kd3 Kf5 40. h3 b5 41. b4 Re7 42. Be3 Rd7+ 43. Ke2 Bc3 44. Rf4+ Ke5 45. h4 Bd2 46. Rf6 Bxe3 47. Kxe3 Rd4 48. h5 gxh5 49. Rxa6 Rxb4 50. Rh6 h4 51.
Rxh7 Kf5 52. Rg7 h3 53. Kd4 0-1

[Event "FIDE Grand Swiss 2023"]
[Site "Villa Marina, Douglas, Isle of Man, Isle Of Man"]
[Date "2023.10.27"]
[Round "3.39"]
[White "Harikrishna, Pentala"]
[Black "Karthikeyan, Murali"]
[Result "1/2-1/2"]
[TimeControl "40/90 + 30 + 30s/move"]
[WhiteFideId "5007003"]
[BlackFideId "5074452"]
[WhiteElo "2716"]
[BlackElo "2611"]

1. d4 Nf6 2. c4 e6 3. Nc3 Bb4 4. e3 O-O 5. Bd3 d5 6. cxd5 exd5 7. Nge2 Bd6 8. O-O Re8 9. Ng3 c5 10.
dxc5 Bxc5 11. e4 dxe4 12. Ngxe4 Nxe4 13. Nxe4 Be7 14. Nc3 Nc6 15. Bf4 Be6 16. Qf3 Qb6 17. Nb5 Nd4 18. Nxd4 Qxd4 19.
b3 g5 20. Bg3 Bf6 21. Bc4 Bxc4 22. bxc4 Kg7 23. Rac1 b6 24. h3 Rac8 25. Qb7 Rxc4 26. Rcd1 Qe4 27. Qxa7 Ra8 28. Qxb6 Rxa2 29.
Rde1 Qc6 30. Qxc6 Rxc6 31. Be5 1/2-1/2